[Event "Team 45 45 League T46"]
[Site "Internet Chess Club"]
[Date "2010.08.15"]
[Round "2"]
[White "AlPearson"]
[Black "kingsleywang"]
[Result "1/2-1/2"]
[WhiteElo "1448"]
[BlackElo "1148"]
[Opening "English opening"]
[ECO "A10"]
[Time "14:00:42"]
[TimeControl "2700+45"]

1. c4 g6 2. g3 Nf6 3. Bg2 Bg7 4. Nc3 O-O 5. e4 Nc6 6. Nge2 d6 7. O-O Be6 8. b3
Qd7 9. Rb1 Bg4 10. f3 Bh3 11. Bb2 Ne8 12. Qc2 Bd4+ 13. Nxd4 Nxd4 14. Qd3 e5 15.
Nd5 c6 16. Ne3 c5 17. f4 Nc6 18. fxe5 dxe5 19. Qxd7 Bxd7 20. Rf2 Nd6 21. Rbf1
Rad8 22. Nd5 Be6 23. d3 a6 24. h4 h5 25. Kh2 b5 26. Bh3 Bxd5 27. exd5 Nd4 28.
Bc1 Kh7 29. Bg5 Rd7 30. Bxd7 bxc4 31. dxc4 Ne4 32. Rxf7+ Rxf7 33. Rxf7+ Kg8 34.
Be6 Nxe6 35. dxe6 Nd6 36. Rf1 a5 37. Re1 e4 38. e7 Kf7 39. Kh3 Ke8 40. g4 hxg4+
41. Kxg4 e3 42. Rxe3 Kf7 43. Re5 Ke8 44. Rxc5 Kf7 45. Rxa5 Ke8 46. Ra8+ Kd7 47.
c5 Nb5 48. e8=Q+ Kc7 49. Qxb5 {Black stalemated} 1/2-1/2

[Event "Team 45 45 League T46"]
[Site "Internet Chess Club"]
[Date "2010.08.13"]
[Round "2"]
[White "Deadly-Spike"]
[Black "AtomicDog"]
[Result "0-1"]
[WhiteElo "1573"]
[BlackElo "1517"]
[Opening "Sicilian: Najdorf, 6...e6"]
[ECO "B95"]
[Time "12:00:53"]
[TimeControl "2700+45"]

1. e4 c5 2. Nf3 d6 3. d4 cxd4 4. Nxd4 Nf6 5. Nc3 a6 6. Bg5 e6 7. Be2 Be7 8. O-O
O-O 9. Kh1 b5 10. Bf3 Ra7 11. Be3 Qd7 12. Nb3 Rc7 13. Bb6 Rc6 14. Be3 Rc4 15.
Na5 Rb4 16. Rb1 Qc7 17. a3 Rxb2 18. Rxb2 Qxc3 19. Ra2 Qxa5 20. Bg5 e5 21. Bxf6
Bxf6 22. Qxd6 Nd7 23. Bg4 Rd8 24. Bxd7 Bxd7 25. Raa1 Be6 26. Qc6 Rc8 27. Qb7 g6
28. f4 Rxc2 29. fxe5 Bxe5 30. Qe7 Bxa1 31. Rxa1 Qd2 32. Rg1 Bh3 33. Qe8+ Kg7 34.
Qe5+ Kh6 35. Qg3 Bd7 36. h3 Bc6 37. Rf1 Qg5 38. Qxg5+ Kxg5 39. Rxf7 Bxe4 40.
Rxh7 Bxg2+ 41. Kg1 Bf3 42. Ra7 Kh4 43. Rxa6 Rg2+ 44. Kf1 Rg5 45. a4 bxa4 46.
Rxa4+ Kxh3 47. Ra3 Rg3 48. Kf2 Kh2 49. Rxf3 Rxf3+ 50. Kxf3 Kh3 51. Kf2 g5 52.
Kg1 g4 53. Kh1 Kg3 54. Kg1 Kf3 55. Kf1 g3 {White resigns} 0-1

[Event "Team 45 45 League T46"]
[Site "Internet Chess Club"]
[Date "2010.08.16"]
[Round "2"]
[White "seattleblues"]
[Black "dagambiter"]
[Result "0-1"]
[WhiteElo "1290"]
[BlackElo "1512"]
[Opening "Scandinavian defense"]
[ECO "B01"]
[Time "21:30:18"]
[TimeControl "2700+45"]

1. e4 d5 2. exd5 Nf6 3. Nf3 e6 4. dxe6 Bxe6 5. d4 c6 6. Bd3 Nbd7 7. O-O Bd6 8.
Nc3 Qc7 9. Ne2 O-O 10. c4 Bg4 11. Ng3 Rad8 12. h3 Bxf3 13. Qxf3 c5 14. Be3 b6
15. b3 Rfe8 16. Rae1 a5 17. Bf5 h6 18. dxc5 Nxc5 19. Bxc5 Bxc5 20. Rxe8+ Rxe8
21. Ne4 Nxe4 22. Bxe4 Qe5 23. Re1 Kf8 24. Kf1 Qb2 25. a4 f6 26. Qe2 Qd4 27. f3
Qg1# {White checkmated} 0-1

[Event "Team 45 45 League T46"]
[Site "Internet Chess Club"]
[Date "2010.08.15"]
[Round "2"]
[White "ilknight"]
[Black "Traho"]
[Result "0-1"]
[WhiteElo "1322"]
[BlackElo "1236"]
[Opening "Ponziani: Jaenisch counter-attack"]
[ECO "C44"]
[Time "19:00:13"]
[TimeControl "2700+45"]

1. e4 e5 2. Nf3 Nc6 3. c3 Nf6 4. d4 exd4 5. e5 Nd5 6. cxd4 Bb4+ 7. Bd2 O-O 8.
Qb3 d6 9. Qxd5 Be6 10. Qb5 Bxd2+ 11. Nbxd2 Rb8 12. d5 a6 13. Qd3 Nb4 14. Qb3
Nxd5 15. Bc4 c6 16. Bxd5 Bxd5 17. Qc3 Re8 18. O-O Re6 19. exd6 Qxd6 20. Rfe1 Rh6
21. h3 Rd8 22. Ne4 Bxe4 23. Rxe4 Re6 24. Rxe6 Qxe6 25. Qc2 h6 26. a3 Qf6 27. b4
Qxa1+ 28. Kh2 Qxa3 29. Qc5 Qd3 30. Qe7 Qd6+ 31. Qxd6 Rxd6 32. Ne5 Rd4 {White
resigns} 0-1

[Event "Team 45 45 League T46"]
[Site "Internet Chess Club"]
[Date "2010.08.14"]
[Round "2"]
[White "BosqueVerde"]
[Black "MeansToAnEnd"]
[Result "1-0"]
[WhiteElo "1175"]
[BlackElo "1182"]
[Opening "QGD Slav defense"]
[ECO "D10"]
[Time "13:03:37"]
[TimeControl "2700+45"]

1. d4 d5 2. c4 c6 3. Nc3 Nf6 4. Qc2 dxc4 5. a4 Nd5 6. e4 Nb4 7. Qd2 Nd3+ 8. Bxd3
cxd3 9. Qxd3 c5 10. d5 e6 11. Nf3 exd5 12. Nxd5 Na6 13. O-O Nb4 14. Qc4 Nxd5 15.
exd5 b6 16. Re1+ Be7 17. Bg5 f6 18. Bh4 a5 19. h3 Ba6 20. Qb3 c4 21. Qe3 Ra7 22.
Rad1 Rd7 23. Qe6 Rd6 24. Qe4 Kf7 25. Bg3 Rd7 26. Nh4 g6 27. Qe6+ Kg7 28. Rd4 Re8
29. Rg4 Bc8 30. Nf5+ Kf8 31. Bf4 g5 32. Nh6 Bb4 33. Qg8# {Black checkmated} 1-0

[Event "Team 45 45 League T46"]
[Site "Internet Chess Club"]
[Date "2010.08.17"]
[Round "2"]
[White "sere"]
[Black "WannaB"]
[Result "1-0"]
[WhiteElo "1167"]
[BlackElo "1057"]
[Opening "Old Indian defense"]
[ECO "A53"]
[Time "09:01:38"]
[TimeControl "2700+45"]

1. d4 Nf6 2. c4 d6 3. Nc3 e6 4. Nf3 d5 5. Bf4 Be7 6. Nb5 Bd6 7. Qa4 O-O 8. Bxd6
cxd6 9. Nxa7 Bd7 10. Nc6 Bxc6 11. Qxa8 b6 12. Qa3 dxc4 13. e3 Bb5 14. Qb4 Qd7
15. Bxc4 Bxc4 16. Qxc4 b5 17. Qb3 Na6 18. a4 b4 19. Qc4 Qc8 20. Qb5 Qd8 21. Qxa6
Nd5 22. a5 e5 23. Qb7 Qa8 24. a6 exd4 25. e4 Rb8 26. Qxd5 Qxd5 27. exd5 f6 28.
Nxd4 g6 29. Nb5 Re8+ 30. Kd2 Re5 31. a7 Rxd5+ 32. Ke3 Re5+ 33. Kd4 Rxb5 34.
a8=Q+ Kg7 35. Qe8 Re5 36. Qd7+ Kh6 37. h4 f5 38. Ra7 Re4+ 39. Kd3 Kh5 40. Qxh7+
Kg4 41. f3+ Kf4 42. fxe4 fxe4+ 43. Kd4 e3 44. Re1 Kg3 45. Rxe3+ Kg4 46. Qxg6+
{Black resigns} 1-0

[Event "Team 45 45 League T46"]
[Site "Internet Chess Club"]
[Date "2010.08.13"]
[Round "2"]
[White "wekabird"]
[Black "LeanSixSigma"]
[Result "0-1"]
[WhiteElo "1235"]
[BlackElo "1527"]
[Opening "English opening"]
[ECO "A22"]
[Time "20:00:22"]
[TimeControl "2700+45"]

1. c4 e5 2. Nc3 Nf6 3. e4 Bb4 4. d3 O-O 5. a3 Bxc3+ 6. bxc3 d6 7. h3 c6 8. Nf3
Be6 9. g3 Nbd7 10. Ng5 d5 11. Nxe6 fxe6 12. Bg2 dxc4 13. dxc4 Nc5 14. O-O Qxd1
15. Rxd1 Nfxe4 16. Bxe4 Nxe4 17. Rf1 Nxc3 18. Bb2 Ne2+ 19. Kg2 Nd4 20. Bxd4 exd4
21. Rad1 e5 22. a4 c5 23. a5 a6 24. Rb1 Rab8 25. Rfe1 Rfe8 26. Re4 d3 27. Rd1
Rbd8 28. Kf3 Rd4 29. Ke3 Kf7 30. Rxd3 Rxd3+ 31. Kxd3 Ke6 32. g4 Rd8+ 33. Ke3 Rd4
34. f4 Rxe4+ 35. Kxe4 h6 36. f5+ Kd6 37. h4 Kc6 38. Kxe5 b6 39. axb6 a5 40. Ke6
a4 41. Kf7 a3 42. Kxg7 a2 43. f6 a1=Q 44. Kg6 Qe5 45. f7 Qe6+ 46. Kg7 Qxg4+ 47.
Kf8 Qxc4 48. Kg7 Qg4+ 49. Kf8 Qxh4 50. Kg7 Qf4 51. f8=Q Qxf8+ 52. Kxf8 h5 53. b7
Kxb7 {White resigns} 0-1

[Event "Team 45 45 League T46"]
[Site "Internet Chess Club"]
[Date "2010.08.12"]
[Round "2"]
[White "jjaillet2007"]
[Black "guyd52"]
[Result "1-0"]
[WhiteElo "1258"]
[BlackElo "1222"]
[Opening "QGD Slav defense"]
[ECO "D13"]
[Time "18:01:20"]
[TimeControl "2700+45"]

1. d4 d5 2. c4 c6 3. Nc3 Nf6 4. cxd5 cxd5 5. Nf3 g6 6. Bf4 Nbd7 7. e3 Bg7 8. Bd3
O-O 9. O-O e6 10. Re1 Qb6 11. Qb3 Qxb3 12. axb3 a6 13. b4 b5 14. Nxb5 Nh5 15.
Bc7 Bh8 16. Bd6 Rd8 17. Be7 Bf6 18. Bxd8 Bxd8 19. Nd6 Nb6 20. Nxc8 Nxc8 21. Bxa6
Nd6 22. Be2 Rb8 23. Ne5 Bb6 24. Bxh5 {Black resigns} 1-0

[Event "Team 45 45 League T46"]
[Site "Internet Chess Club"]
[Date "2010.08.12"]
[Round "2"]
[White "hcarstens"]
[Black "kabubi"]
[Result "1-0"]
[WhiteElo "1292"]
[BlackElo "1153"]
[Opening "Giuoco Pianissimo"]
[ECO "C55"]
[Time "23:00:20"]
[TimeControl "2700+45"]

1. e4 e5 2. Nf3 Nc6 3. Bc4 Nf6 4. d3 Bc5 5. O-O O-O 6. Bg5 Re8 7. c3 d6 8. Nbd2
h6 9. Bh4 Be6 10. b4 Bb6 11. Qb3 a5 12. a3 a4 13. Qd1 d5 14. exd5 Bxd5 15. Bxd5
Qxd5 16. Bxf6 gxf6 17. Ne4 Qe6 18. Nh4 Kh7 19. Qf3 Kg7 20. Nf5+ Kf8 21. Nxh6 Ke7
22. Nf5+ Kf8 23. Qg4 {Black resigns} 1-0

[Event "Team 45 45 League T46"]
[Site "Internet Chess Club"]
[Date "2010.08.12"]
[Round "2"]
[White "anatolybcn"]
[Black "WilmaP"]
[Result "1-0"]
[WhiteElo "1247"]
[BlackElo "1124"]
[Opening "French: advance, Nimzovich system"]
[ECO "C02"]
[Time "14:00:25"]
[TimeControl "2700+45"]

1. e4 e6 2. d4 d5 3. e5 c5 4. Nf3 Nc6 5. Bb5 Bd7 6. Bxc6 Bxc6 7. O-O Qb6 8. b3
Ne7 9. Ba3 Nf5 10. dxc5 Bxc5 11. Bxc5 Qxc5 12. a4 O-O 13. c3 a5 14. Nd4 Qe7 15.
Nxf5 exf5 16. Re1 Rae8 17. f4 Rd8 18. Nd2 Qh4 19. Rf1 d4 20. c4 d3 21. Qe1 Qh6
22. Qg3 b6 23. Rfe1 Rd4 24. Rf1 Bd7 25. Rf3 f6 26. Re1 Be6 27. exf6 Qxf6 28.
Rxd3 Rxd3 29. Qxd3 Rd8 30. Qe2 Bd7 31. Nf3 Re8 32. Qc2 Rxe1+ 33. Nxe1 Qd4+ 34.
Qf2 Qxf2+ 35. Kxf2 h6 36. Nd3 g5 37. g3 Kg7 38. Kf3 Kf6 39. Ke3 g4 40. Kd4 Bc6
41. c5 bxc5+ 42. Nxc5 Ke7 43. Kc4 Kd6 44. Nd3 Bd5+ 45. Kb5 Bxb3 46. Kxa5 Kd5 47.
Kb4 Bc4 48. Ne5 Ke4 49. Kxc4 Ke3 50. a5 Kf2 51. a6 Kg2 52. a7 Kxh2 53. a8=Q Kxg3
54. Nd3 h5 55. Qh1 h4 56. Qe1+ Kh3 57. Qe3+ g3 58. Nf2+ Kg2 59. Nd1 h3 60. Qe2+
Kh1 61. Nf2+ Kh2 62. Ng4+ Kh1 63. Qf1# {Black checkmated} 1-0

[Event "Team 45 45 League T46"]
[Site "Internet Chess Club"]
[Date "2010.08.15"]
[Round "2"]
[White "dabodhi"]
[Black "SeniorCitizen"]
[Result "0-1"]
[WhiteElo "1216"]
[BlackElo "1232"]
[Opening "French: Rubinstein variation"]
[ECO "C10"]
[Time "15:01:19"]
[TimeControl "2700+45"]

1. e4 e6 2. d4 d5 3. Nc3 dxe4 4. Nxe4 Nf6 5. Bg5 Be7 6. Nxf6+ Bxf6 7. Bxf6 Qxf6
8. Nf3 O-O 9. Bc4 c6 10. Bd3 Nd7 11. Qe2 Qe7 12. h4 Nf6 13. Ne5 Nd7 14. Nf3 Nf6
15. h5 Re8 16. Ne5 c5 17. c3 cxd4 18. c4 Bd7 19. O-O-O Bc6 20. Rdg1 Rac8 21. Rh3
b5 22. Rg3 bxc4 23. Ng6 Qb4 24. h6 fxg6 25. Bxg6 hxg6 26. Rxg6 d3 27. Rxg7+ Kh8
28. Rh1 dxe2 29. h7 e1=Q+ {White resigns} 0-1

[Event "Team 45 45 League T46"]
[Site "Internet Chess Club"]
[Date "2010.08.15"]
[Round "2"]
[White "lawth3"]
[Black "CoasterBrake"]
[Result "1/2-1/2"]
[WhiteElo "1083"]
[BlackElo "1233"]
[Opening "QGD Slav defense: exchange variation"]
[ECO "D13"]
[Time "16:10:59"]
[TimeControl "2700+45"]

1. d4 c6 2. c4 d5 3. cxd5 cxd5 4. Nc3 Nf6 5. Bf4 Nc6 6. Nf3 e6 7. e3 Bd6 8. Bxd6
Qxd6 9. Bd3 O-O 10. O-O e5 11. dxe5 Nxe5 12. Nxe5 Qxe5 13. Qc2 Rd8 14. Rfe1 d4
15. Ne4 g6 16. Nxf6+ Qxf6 17. exd4 Qxd4 18. Re3 Be6 19. a3 Rac8 20. Qd2 Rd6 21.
Qb4 Qxb4 22. axb4 a6 23. h3 Rcd8 24. Be4 b5 25. Bb7 Bd5 26. Bxa6 Ra8 27. Rea3
Bc4 28. Ra5 Rb6 29. Kh2 Kg7 30. f4 Kf6 31. g4 h6 32. Kg3 Ke6 33. Kf3 f6 34. Ke4
Be2 35. Kd4 Kd6 36. Ke3 Re8+ 37. Kd2 Re4 38. Re1 Bf3 39. Rxe4 Bxe4 40. Bxb5 f5
41. Ra6 Rxa6 42. Bxa6 fxg4 43. hxg4 Bf3 44. b5 Bxg4 45. b6 Bf3 46. Kc3 Kd7 47.
Kb4 Kc6 48. b7 Kc7 49. Kc5 Bxb7 50. Bxb7 Kxb7 51. b4 h5 52. Kd4 Kc6 53. Ke3 Kb5
54. Kf3 Kxb4 55. Kg3 Kc4 56. Kh4 Kd4 57. Kg5 h4 58. Kxh4 Ke4 59. Kg4 Kd5 60. Kf3
Ke6 61. Ke4 Kf6 62. Kf3 Kf5 63. Kg3 g5 64. fxg5 Kxg5 {Game drawn because neither
player has mating material} 1/2-1/2

[Event "Team 45 45 League T46"]
[Site "Internet Chess Club"]
[Date "2010.08.13"]
[Round "2"]
[White "Fogbound"]
[Black "Cicero"]
[Result "1-0"]
[WhiteElo "1332"]
[BlackElo "1279"]
[Opening "Queen's pawn, Mason variation, Steinitz counter-gambit"]
[ECO "D00"]
[Time "14:00:23"]
[TimeControl "2700+45"]

1. d4 d5 2. Bf4 c5 3. Nf3 Nc6 4. e3 Nf6 5. Bb5 Bd7 6. Bxc6 Bxc6 7. O-O e6 8. Ne5
Be7 9. c3 c4 10. Nd2 O-O 11. Ndf3 Ne4 12. Nxc6 bxc6 13. Ne5 Rc8 14. f3 Nd6 15.
Qa4 Qc7 16. Rab1 c5 17. dxc5 Nb7 18. Ng6 Qa5 19. Qd7 hxg6 20. Qxe7 Rc7 21. Bxc7
Qxa2 22. Bd6 Nxd6 23. Qxd6 Qb3 24. Qe5 Re8 25. Qd6 Qxc3 26. bxc3 {Black resigns}
1-0

[Event "Team 45 45 League T46"]
[Site "Internet Chess Club"]
[Date "2010.08.12"]
[Round "2"]
[White "chips"]
[Black "dornoch"]
[Result "1-0"]
[WhiteElo "1264"]
[BlackElo "1004"]
[Opening "Polish (Sokolsky) opening"]
[ECO "A00"]
[Time "22:05:50"]
[TimeControl "2700+45"]

1. b4 Nf6 2. Bb2 d5 3. a3 e6 4. Nf3 Bd6 5. d3 O-O 6. Nbd2 Nc6 7. d4 Re8 8. e3 a6
9. c4 dxc4 10. Bxc4 e5 11. dxe5 Bxe5 12. Bxe5 Nxe5 13. Nxe5 Rxe5 14. Nf3 Qxd1+
15. Rxd1 Re7 16. Rd8+ Re8 17. Rxe8+ Nxe8 18. O-O Nd6 19. Ne5 Nxc4 20. Nxc4 Be6
21. Rc1 Bxc4 22. Rxc4 Rc8 23. g3 Kf8 24. Kg2 c6 25. Rc3 Rd8 26. h3 Ke7 27. Kf3
Kd7 28. Rd3+ Kc7 29. Rxd8 Kxd8 30. Ke4 Kc7 31. Ke5 Kb6 32. Kd4 Kb5 33. Kc3 Ka4
34. Kb2 b6 35. f4 c5 36. bxc5 bxc5 37. e4 a5 38. g4 c4 39. f5 c3+ 40. Kxc3 Kxa3
41. e5 a4 42. e6 fxe6 43. fxe6 Ka2 44. e7 Kb1 45. e8=Q a3 46. Qb5+ Ka2 47. Qb3+
Ka1 48. Qxa3+ Kb1 49. Qf8 g6 50. Qg7 h6 51. Qxh6 g5 52. Qxg5 Ka1 53. h4 Kb1 54.
h5 Ka1 55. h6 Kb1 56. h7 Ka1 57. h8=Q Kb1 58. Qh2 Ka1 59. Qc1# {Black
checkmated} 1-0

[Event "Team 45 45 League T46"]
[Site "Internet Chess Club"]
[Date "2010.08.14"]
[Round "2"]
[White "Yedixon"]
[Black "RayF"]
[Result "0-1"]
[WhiteElo "1713"]
[BlackElo "1745"]
[Opening "Bird's opening"]
[ECO "A03"]
[Time "22:02:25"]
[TimeControl "2700+45"]

1. f4 d5 2. Nf3 g6 3. c3 Bg7 4. d3 Nf6 5. Qc2 Nc6 6. e4 O-O 7. e5 Ng4 8. h3 Nh6
9. d4 Bf5 10. Bd3 Bxd3 11. Qxd3 Nf5 12. g4 Ng3 13. Rg1 Ne4 14. Nbd2 Nxd2 15.
Bxd2 Qd7 16. O-O-O a5 17. h4 a4 18. h5 a3 19. b3 Na7 20. Nh4 Qb5 21. Qc2 c5 22.
c4 dxc4 23. bxc4 Qb2+ 24. Qxb2 axb2+ 25. Kxb2 cxd4 26. Bc1 Nc6 27. g5 Ra4 28.
Kb3 Rb4+ 29. Kc2 Rxc4+ 30. Kb1 Rb4+ 31. Ka1 Ra8 32. hxg6 hxg6 33. Nf3 e6 34. Rg2
Bf8 35. Rb2 Rxb2 36. Bxb2 Bc5 37. Bxd4 Bxd4+ 38. Nxd4 Rd8 {White resigns} 0-1

[Event "Team 45 45 League T46"]
[Site "Internet Chess Club"]
[Date "2010.08.14"]
[Round "2"]
[White "Tamarin"]
[Black "xt"]
[Result "1-0"]
[WhiteElo "1815"]
[BlackElo "1556"]
[Opening "QGD: Tarrasch, von Hennig-Schara gambit"]
[ECO "D32"]
[Time "00:31:38"]
[TimeControl "2700+45"]

1. d4 d5 2. c4 e6 3. Nc3 c5 4. cxd5 cxd4 5. Qa4+ Bd7 6. Qxd4 exd5 7. Qxd5 Nc6 8.
Nf3 Nf6 9. Qd1 Bb4 10. Bd2 Qb6 11. g3 O-O-O 12. Bg2 Kb8 13. O-O Bg4 14. Bf4+ Ka8
15. Qa4 h5 16. Rad1 Bxc3 17. bxc3 Nd5 18. Bd2 h4 19. Qxg4 hxg3 20. hxg3 Nce7 21.
Qd4 Qg6 22. Be3 Nc6 23. Qc4 Nxe3 24. Rxd8+ Rxd8 25. fxe3 Qxg3 26. Qxf7 Rh8 27.
Rb1 Na5 28. Qf4 Qg6 29. Qb4 Qc2 30. Ne5 Rb8 31. Qb2 Qf5 32. c4 Qg5 33. Qc3 Re8
34. Rb5 Qd8 35. Qxa5 Qd1+ 36. Kf2 Rf8+ 37. Bf3 Qh1 38. Qc7 Qh4+ 39. Kf1 Qh1+ 40.
Kf2 Qh4+ 41. Kg2 Qg5+ 42. Ng4 {Black resigns} 1-0

[Event "Team 45 45 League T46"]
[Site "Internet Chess Club"]
[Date "2010.08.16"]
[Round "2"]
[White "mongmong"]
[Black "BraafPaard"]
[Result "1-0"]
[WhiteElo "1461"]
[BlackElo "1589"]
[Opening "Queen's pawn game"]
[ECO "D04"]
[Time "19:02:58"]
[TimeControl "2700+45"]

1. d4 Nf6 2. Nf3 d5 3. e3 c6 4. Bd3 Bg4 5. Nbd2 e6 6. h3 Bf5 7. O-O Be7 8. Qe2
Bxd3 9. cxd3 O-O 10. a3 c5 11. dxc5 Bxc5 12. d4 Bd6 13. b4 Nbd7 14. Bb2 Ne4 15.
Nxe4 dxe4 16. Nd2 f5 17. Rfc1 Nf6 18. Qc4 Nd5 19. Nb3 b6 20. Qc6 Rf7 21. Nd2 Rc7
22. Qb5 a6 23. Qf1 b5 24. Rxc7 Qxc7 25. Qc1 Rc8 26. Qxc7 Rxc7 27. Rc1 Kf7 28.
Rxc7+ Bxc7 29. Nb3 g6 30. Kf1 h5 31. Ke2 g5 32. f3 g4 33. fxe4 fxe4 34. Nc5 Nf6
35. Nxa6 Bd6 36. Nc5 Bxc5 37. dxc5 Nd5 38. Bc1 Ke7 39. Kf2 Kf6 40. hxg4 hxg4 41.
Bd2 Ke7 42. Kg3 Nf6 43. Bc3 {Black resigns} 1-0

[Event "Team 45 45 League T46"]
[Site "Internet Chess Club"]
[Date "2010.08.13"]
[Round "2"]
[White "megarook"]
[Black "CKNIGHT3"]
[Result "1-0"]
[WhiteElo "1510"]
[BlackElo "1458"]
[Opening "QGD Slav defense"]
[ECO "D10"]
[Time "20:00:32"]
[TimeControl "2700+45"]

1. d4 d5 2. c4 c6 3. Nc3 Nf6 4. Bf4 e6 5. Bxb8 Rxb8 6. e3 Bb4 7. Bd3 Bd7 8. Nf3
c5 9. Qb3 Qa5 10. O-O cxd4 11. Nxd4 O-O 12. cxd5 Bxc3 13. Qxc3 Qxc3 14. bxc3
Nxd5 15. c4 Nf6 16. Nf3 Bc6 17. Ne5 Ba4 18. Rab1 Nd7 19. Nxd7 Bxd7 20. f4 Bc6
21. e4 Rfd8 22. Rb3 Rd4 23. Re1 g6 24. Kf2 f5 25. exf5 exf5 26. g3 Rbd8 27. Ke3
Be4 28. Rd1 b6 29. h3 Kg7 30. Rc3 Kh6 31. g4 Bxd3 32. g5+ Kh5 33. Rcxd3 Rxd3+
34. Rxd3 Rxd3+ 35. Kxd3 Kh4 36. Ke3 Kg3 37. a4 a6 38. a5 bxa5 39. c5 a4 40. Kd3
Kxf4 41. c6 a3 42. Kc2 Ke5 43. c7 a2 44. Kb2 Kd6 45. c8=Q f4 46. Qb8+ Ke6 47.
Qxf4 a5 48. Kxa2 Kd5 49. Qc7 a4 50. Qxh7 Ke5 51. Qxg6 Kd5 52. Qf6 Kc5 53. Ka3
Kd5 54. Kxa4 Kc5 55. Qe5+ Kc4 56. Qe4+ Kc5 57. Kb3 Kd6 58. Kc4 Kd7 59. Kc5 Kd8
60. Qh7 Ke8 61. Kd6 Kf8 62. g6 Ke8 63. Qf7+ Kd8 64. Qf8# {Black checkmated} 1-0

[Event "Team 45 45 League T46"]
[Site "Internet Chess Club"]
[Date "2010.08.12"]
[Round "2"]
[White "Kallistos"]
[Black "rubo"]
[Result "1-0"]
[WhiteElo "1747"]
[BlackElo "1717"]
[Opening "Caro-Kann: classical variation"]
[ECO "B18"]
[Time "14:00:38"]
[TimeControl "2700+45"]

1. e4 c6 2. d4 d5 3. Nd2 dxe4 4. Nxe4 Bf5 5. Ng3 Bg6 6. Nf3 Nd7 7. Bd3 Bxd3 8.
Qxd3 Ngf6 9. O-O e6 10. Bf4 Be7 11. c4 O-O 12. h3 Re8 13. a3 a5 14. b3 Qb6 15.
Rfc1 Qa6 16. Rc3 Rac8 17. Ng5 h6 18. N5e4 Nxe4 19. Nxe4 Nf6 20. Be5 Nxe4 21.
Qxe4 Bf8 22. Rg3 f5 23. Qh4 Kh7 24. Qh5 Re7 25. Bd6 Rd7 26. Qg6+ Kh8 27. Qxe6
Rdd8 28. Be5 c5 29. Qf7 cxd4 30. Rxg7 {Black resigns} 1-0

[Event "Team 45 45 League T46"]
[Site "Internet Chess Club"]
[Date "2010.08.13"]
[Round "2"]
[White "Portola"]
[Black "Signalman"]
[Result "1-0"]
[WhiteElo "1879"]
[BlackElo "1582"]
[Opening "Philidor's defense"]
[ECO "C41"]
[Time "13:00:08"]
[TimeControl "2700+45"]

1. e4 d6 2. Nf3 e5 3. d3 Nf6 4. Be2 Be7 5. Nc3 c6 6. Be3 O-O 7. h3 Nbd7 8. Qd2
b5 9. O-O Nb6 10. a3 Bb7 11. Rfd1 a5 12. Bf1 c5 13. Nxb5 Bc6 14. c4 a4 15. Nc3
h6 16. Be2 Nh7 17. Nh2 Bd7 18. Bf3 Ra6 19. Rf1 Bg5 20. Kh1 Be6 21. Nb5 Nc8 22.
Nc3 f5 23. exf5 Bxf5 24. Bd5+ Kh8 25. Be4 Be6 26. Nd5 Nb6 27. f4 Bf6 28. Nxf6
Nxf6 29. fxe5 Nxe4 30. dxe4 Nxc4 31. Rxf8+ Qxf8 32. Qe2 dxe5 33. Rf1 Qe7 34. Bc1
Ra8 35. Rf2 Rb8 36. Nf3 Kg8 37. Qc2 Ra8 38. Nd2 Nb6 39. Rf3 c4 40. Nf1 Rc8 41.
Be3 Rb8 42. Rg3 Kh7 43. Qc3 Qd6 44. Kh2 Nd7 45. Nd2 Rc8 46. Nf3 Kg8 47. Bxh6 Kh7
48. Bd2 g6 49. Qe3 Bf7 50. Qh6+ Kg8 51. Be3 Qf6 52. Nh4 Qh8 53. Rxg6+ Bxg6 54.
Qxg6+ Qg7 55. Qa6 c3 56. Qxc8+ Nf8 57. bxc3 Kh7 58. Qf5+ Kg8 59. Qc8 Qf6 60. Nf5
Qe6 61. Qc7 Nd7 62. Qd8+ Kf7 63. Nh6+ Kg7 64. Nf5+ Kh7 65. Qh4+ Kg8 66. Qg5+ Kh7
67. Qg7# {Black checkmated} 1-0

[Event "Team 45 45 League T46"]
[Site "Internet Chess Club"]
[Date "2010.08.13"]
[Round "2"]
[White "werty"]
[Black "g8wrb"]
[Result "1-0"]
[WhiteElo "1543"]
[BlackElo "1435"]
[Opening "Colle system"]
[ECO "D05"]
[Time "06:04:38"]
[TimeControl "2700+45"]

1. d4 Nf6 2. Nf3 e6 3. e3 d5 4. Bd3 c5 5. c3 Nc6 6. Nbd2 Qc7 7. O-O Bd7 8. Re1
cxd4 9. exd4 Bd6 10. Qc2 Ng4 11. Nf1 h6 12. a4 O-O 13. h3 Nf6 14. Be3 Rae8 15.
Qd2 Re7 16. Bxh6 gxh6 17. Qxh6 Ne4 18. Bxe4 dxe4 19. Rxe4 f5 20. Rh4 Bc8 21.
Qh8+ Kf7 22. Qh5+ Kg8 23. Qh8+ Kf7 24. Qh5+ Kg8 25. Ng5 Be5 26. dxe5 Qxe5 27.
Re1 Qf6 28. Qh6 Qxh6 29. Rxh6 Rg7 30. Nxe6 Bxe6 31. Rhxe6 Rff7 32. Ne3 Rg5 33.
Nd5 Rfg7 34. Ne7+ Kf7 35. Nxc6 Rxg2+ 36. Kh1 bxc6 37. Re7+ Kf6 38. R1e6+ {Black
resigns} 1-0

[Event "Team 45 45 League T46"]
[Site "Internet Chess Club"]
[Date "2010.08.12"]
[Round "2"]
[White "AtomicDog"]
[Black "rahulr"]
[Result "1-0"]
[WhiteElo "1497"]
[BlackElo "1417"]
[Opening "Caro-Kann: advance variation"]
[ECO "B12"]
[Time "13:00:20"]
[TimeControl "2700+45"]

1. e4 c6 2. d4 d5 3. e5 Bf5 4. Nf3 e6 5. Be2 c5 6. Be3 Qb6 7. Nc3 Qxb2 8. Nb5
Na6 9. dxc5 Kd7 10. Nfd4 Be4 11. O-O Bxc5 12. Rb1 Qxa2 13. Nc3 Qa5 14. Nxe4 Bxd4
15. Qxd4 Kc7 16. Nd6 Ne7 17. Rxb7+ Kd8 18. Ra1 Qc5 19. Qxc5 Nxc5 20. Bxc5 Rf8
21. Bb6+ axb6 22. Rxa8+ Nc8 23. Rxc8# {Black checkmated} 1-0

[Event "Team 45 45 League T46"]
[Site "Internet Chess Club"]
[Date "2010.08.18"]
[Round "2"]
[White "MateIn42"]
[Black "GiulioCre"]
[Result "1-0"]
[WhiteElo "1439"]
[BlackElo "1395"]
[Opening "Sicilian: Anderssen variation"]
[ECO "B41"]
[Time "15:30:12"]
[TimeControl "2700+45"]

1. e4 c5 2. Nf3 e6 3. d4 cxd4 4. Nxd4 Nf6 5. Nc3 Nc6 6. Be2 Bb4 7. Bg5 h6 8. Bh4
g5 9. Nxc6 bxc6 10. Bg3 Nxe4 11. Qd4 Bxc3+ 12. bxc3 Qf6 13. Be5 Qxf2+ 14. Qxf2
Nxf2 15. Kxf2 O-O 16. Rab1 f6 17. Bd6 Re8 18. Bh5 Rd8 19. Be7 Ba6 20. Bxd8 Rxd8
21. Be2 Bxe2 22. Kxe2 a5 23. Rb7 d6 24. Rhb1 {Black resigns} 1-0

[Event "Team 45 45 League T46"]
[Site "Internet Chess Club"]
[Date "2010.08.16"]
[Round "2"]
[White "Knight2night"]
[Black "The-Capitalist"]
[Result "0-1"]
[WhiteElo "1138"]
[BlackElo "1416"]
[Opening "Caro-Kann: Panov-Botvinnik attack"]
[ECO "B13"]
[Time "21:00:11"]
[TimeControl "2700+45"]

1. e4 c6 2. d4 d5 3. exd5 cxd5 4. c4 Nf6 5. Nc3 Nc6 6. Nf3 Bg4 7. Be2 dxc4 8.
Qa4 Rc8 9. Bxc4 Qd7 10. Be3 Bxf3 11. gxf3 e6 12. O-O-O Bd6 13. d5 Nxd5 14. Nxd5
exd5 15. Rxd5 Ne7 16. Qxd7+ Kxd7 17. Rd4 b5 18. Rhd1 Rxc4+ 19. Rxc4 bxc4 20. Bf4
Nf5 21. Rd5 g5 22. Bxd6 Nxd6 23. Rxg5 Ke6 24. h4 h6 25. Ra5 Ra8 26. Kd2 Rb8 27.
Kc1 Rb7 28. Kc2 f5 29. Kc3 f4 30. Ra4 Rc7 31. Ra6 Rc5 32. Kd2 Rh5 33. b3 cxb3
34. axb3 Rxh4 35. Rxa7 Rh3 36. Ra4 Rxf3 37. Ke2 Rxb3 38. Rxf4 Ke5 39. Ra4 Nf5
40. Kf1 h5 41. Kg2 h4 42. Rg4 Ra3 43. Rg8 Kf4 44. Rd8 Rc3 45. Ra8 h3+ 46. Kh2
Rf3 47. Rh8 Kg4 48. Rg8+ Kh5 49. Rf8 Kg6 50. Rg8+ Ng7 51. Kg1 Kh7 52. Rc8 Ne6
53. Re8 Ng5 54. Re7+ Kh6 55. Ra7 Ne4 56. Ra6+ Kh5 57. Ra5+ Kg4 58. Ra4 Rf4 59.
Ra2 Ng5 60. Kh1 Rb4 61. Ra1 Ne4 62. Rf1 Kf3 63. Kg1 h2+ 64. Kh1 Rb5 {White
resigns} 0-1